 Dungeon Crawl Stone Soup version bcrawl-1.19.2-6-g6a88ae04c9 (webtiles) character file.

Game seed: 12204492759852623895

953 Mrkan the Skirmisher (level 8, 0/71 HPs)
             Began as a Hill Orc Fighter on Jan 14, 2020.
             Was a Follower of Ashenzari.
             Slain by a yak (11 damage)
             ... on level 5 of the Dungeon.
             The game lasted 00:04:40 (3840 turns).

Mrkan the Skirmisher (Hill Orc Fighter)             Turns: 3840, Time: 00:04:41

Health: 0/71       AC: 13    Str: 21    XL:     8   Next: 14%
Magic:  8/8        EV:  6    Int:  8    God:    Ashenzari [*.....]
Gold:   296        SH: 10    Dex: 10    Spells: 7/7 levels left

rFire    . . .     SeeInvis .   a - +0 war axe
rCold    . . .     Gourm    .   c - +0 shield (curse)
rNeg     . . .     Faith    .   j - +0 chain mail
rPois    .         Spirit   .   n - +1 helmet (curse)
rElec    .         Reflect  .   (no cloak)
rCorr    .         Harm     .   (no gloves)
MR       .....                  q - +0 pair of boots (curse)
Stlth    ..........             (no amulet)
HPRegen  0.21/turn              (no ring)
MPRegen  0.11/turn              (no ring)

@: swift, flying, quick
A: no striking features
a: Curse Item, Scrying, Renounce Religion, Convert to Beogh


You were on level 5 of the Dungeon.
You worshipped Ashenzari.
Ashenzari was aware of your devotion.
You were hungry.

You visited 1 branch of the dungeon, and saw 5 of its levels.

You collected 296 gold pieces.

Inventory:

Hand Weapons
 a - a +0 war axe (weapon)
Armour
 c - a cursed +0 shield (worn)
 j - a +0 chain mail (worn)
 n - a cursed +1 helmet (worn)
 q - a cursed +0 pair of boots (worn)
Jewellery
 g - an uncursed ring of protection from cold
 k - an uncursed ring of insulation
 s - an uncursed ring of wizardry
Scrolls
 b - a scroll of amnesia {unknown}
 h - a scroll of identify {unknown}
 i - 3 scrolls of remove curse {unknown}
 l - a scroll of teleportation {unknown}
 m - 2 scrolls of enchant armour {unknown}
 o - a scroll of noise {unknown}
 r - a scroll of fear {unknown}
Potions
 p - a potion of flight
Comestibles
 f - 11 rations {!d}


   Skills:
 * Level 6.8 Fighting
   Level 6.8 Short Blades
   Level 6.8 Long Blades
   Level 6.8 Axes
   Level 6.8 Maces & Flails
   Level 6.8 Polearms
   Level 6.8 Staves
 + Level 6.0 Armour
 + Level 5.9 Shields
   Level 6.8 Unarmed Combat


You had 7 spell levels left.
You didn't know any spells.
Your spell library contained the following spells:

 Spells                   Type           Power        Failure   Level  Hunger
 Animate Skeleton         Necr           N/A          100%        1    ##.....
 Pain                     Necr           #.....       100%        1    ##.....
 Regeneration             Chrm/Necr      #.........   100%        3    ####...
 Vampiric Draining        Necr           #.........   100%        3    ####...
 Animate Dead             Necr           N/A          100%        4    #####..
 Bolt of Draining         Conj/Necr      #.........   100%        5    ######.


Dungeon Overview and Level Annotations

Branches:
Dungeon (5/12)             Temple (0/1) D:4

Altars:
Ashenzari
Hepliaklqana
Ru
Wu Jian
The Shining One


Message History

Your Armour skill increases to level 6!
You have reached level 8!
The orc priest invokes the aid of Beogh against you.
Beogh smites you!
* * * LOW HITPOINT WARNING * * *
You hear a shout! x2
It was a potion of flight.
You feel very buoyant.
You fly up into the air.
You hear a shout!
The yak gores you but does no damage.
The orc priest threatens, "By the altar or by the axe, you will meet Beogh!"
It was a potion of curing.
You feel better. You block the yak's attack.
You hit the yak.
The yak is lightly wounded.
The yak gores you.
* * * LOW HITPOINT WARNING * * *
An orc comes into view. It is wielding a +0 whip.
The yak gores you!
You die...

.### ....#
#...##
#######......
#..<#..#..#
#.........###
##.#........#..
#.##..........
## #..@##...#
####YY..##
.....# ..o....
....... ..###..
.## o ##


You could see 2 yaks, an orc priest and an orc.

Vanquished Creatures
  Grinder (D:3)
  Sigmund (D:3)
  2 yaks (D:5)
  A bullfrog skeleton (D:4)
  2 orc priests
  3 orc wizards (D:3)
  A worker ant (D:4)
  Robin (D:2)
  2 adders
  An ooze (D:3)
  2 worms
  2 dart slugs
  2 leopard geckos
  13 orcs
  2 giant cockroaches (D:2)
  13 goblins (D:2)
  11 hobgoblins
  2 jackals (D:1)
  5 kobolds
  5 quokkas
  A ball python (D:3)
  4 bats
  A frilled lizard (D:3)
  A jackal skeleton (D:2)
  A rat (D:2)
80 creatures vanquished.

Notes
Turn   | Place    | Note
-------+----------+-------------------------------------------
     0 | D:1      | Mrkan the Hill Orc Fighter began the quest for the Orb.
     0 | D:1      | Reached XP level 1. HP: 20/20 MP: 1/1
     6 | D:1      | Noticed an iguana
     6 | D:1      | Noticed a wolf
     6 | D:1      | Noticed a swamp drake
     7 | D:1      | Noticed a worker ant
     7 | D:1      | Noticed a black mamba
   120 | D:1      | Found a shattered altar of Ashenzari.
   191 | D:1      | Reached XP level 2. HP: 21/27 MP: 2/2
   584 | D:1      | Became a worshipper of Ashenzari the Shackled
  1007 | D:2      | Reached XP level 3. HP: 34/34 MP: 3/3
  1014 | D:2      | Reached XP level 4. HP: 30/41 MP: 4/4
  1233 | D:2      | Found an ornate altar of the Wu Jian Council.
  1237 | D:2      | Noticed Robin
  1253 | D:2      | Killed Robin
  1459 | D:3      | Noticed Sigmund
  1474 | D:3      | Killed Sigmund
  1474 | D:3      | Reached skill level 5 in Fighting
  1474 | D:3      | Reached XP level 5. HP: 5/48 MP: 5/5
  1474 | D:3      | Reached XP level 6. HP: 6/56 MP: 6/6
  2446 | D:3      | Found a sacrificial altar of Ru.
  2873 | D:3      | Noticed Grinder
  2900 | D:3      | Killed Grinder
  2900 | D:3      | Reached skill level 5 in Armour
  2900 | D:3      | Reached skill level 5 in Shields
  2900 | D:3      | Reached XP level 7. HP: 10/63 MP: 7/7
  3233 | D:4      | Reached * piety under Ashenzari
  3421 | D:4      | Found a glowing golden altar of the Shining One.
  3458 | D:4      | Found a staircase to the Ecumenical Temple.
  3528 | D:4      | Found a hazy altar of Hepliaklqana.
  3811 | D:5      | Entered Level 5 of the Dungeon
  3812 | D:5      | Noticed a yak
  3813 | D:5      | Noticed a yak
  3813 | D:5      | Noticed a yak
  3817 | D:5      | Noticed a yak
  3834 | D:5      | Killed a yak
  3837 | D:5      | Killed a yak
  3837 | D:5      | Reached XP level 8. HP: 20/71 MP: 8/8
  3837 | D:5      | HP: 3/71 [orc priest/divine providence (17)]
  3840 | D:5      | Slain by a yak

Skill      XL: |  1  2  3  4  5  6  7 |
---------------+----------------------+-----
Armour         | 4 5 6 |  6.0
Shields        | 4 5 |  5.9
Fighting       | 5 6 |  6.8
Short Blades   | |  6.8
Long Blades    | |  6.8
Axes           | |  6.8
Maces & Flails | |  6.8
Polearms       | |  6.8
Staves         | |  6.8
Unarmed Combat | |  6.8

Action                   |  1- 3 |  4- 6 |  7- 9 || total
-------------------------+-------+-------+-------++-------
Melee: War axe           |    62 |   129 |    61 ||   252
Invok: Curse Item        |     1 |       |     2 ||     3
  Use: Potion            |       |     1 |     2 ||     3
  Eat: Chunk             |       |     6 |     3 ||     9
Armor: Scale mail        |    22 |       |       ||    22
       Chain mail        |    19 |    63 |    32 ||   114
Dodge: Dodged            |    26 |    22 |    12 ||    60
Block: Shield            |    36 |    75 |    22 ||   133
